 Dungeon Crawl Stone Soup version 0.27-a0-920-gb2bd10914a (webtiles) character file.

Game seed: 16170035388886700541

117672 leviel the Fencer (level 16, -20/131 HPs)
             Began as a Minotaur Fighter on Apr 9, 2021.
             Was the Champion of Hepliaklqana.
             Killed from afar by Nikola (34 damage)
             ... with a chain lightning
             ... on level 3 of the Spider Nest.
             The game lasted 01:04:29 (25286 turns).

leviel the Fencer (Minotaur Fighter)               Turns: 25286, Time: 01:04:30

Health: -20/131    AC: 31    Str: 29    XL:     16   Next: 23%
Magic:  22/22      EV: 11    Int: 11    God:    Hepliaklqana [******]
Gold:   2662       SH: 15    Dex: 15    Spells: 15/15 levels left

rFire    . . .     SeeInvis .   a - +8 falchion (venom)
rCold    . . .     Faith    .   c - +0 kite shield
rNeg     . . .     Spirit   .   u - +10 plate armour of Vanity {Drain Str+4 Int+6 Dex+2}
rPois    +         Reflect  .   (helmet restricted)
rElec    .         Harm     .   r - +2 cloak {Stlth+}
rCorr    .         Rampage  .   (no gloves)
Will     ++...                  A - +0 pair of boots
Stlth    ..........             f - amulet of regeneration
HPRegen  1.31/turn              v - +4 ring of slaying
MPRegen  0.18/turn              K - ring "Xeatio" {rPois Will+}

@: hasted, very quick
A: reduced essence, horns 2, retaliatory headbutt
a: Renounce Religion, Recall Ancestor, Ancestor Identity, Transference, Idealise


You were on level 3 of the Spider Nest.
You worshipped Hepliaklqana.
Hepliaklqana was exalted by your worship.
You visited 5 branches of the dungeon, and saw 25 of its levels.
You also visited: Bailey, Gauntlet and Ice Cave.

You collected 4059 gold pieces.
You spent 1397 gold pieces at shops.

Inventory:

Hand Weapons
 a - a +8 falchion of venom (weapon)
 h - a +3 long sword of freezing
 w - a +2 falchion of electrocution
Missiles
 e - 15 curare-tipped darts (quivered)
 z - 3 atropa-tipped darts
Armour
 c - a +0 kite shield (worn)
 r - a +2 cloak of stealth (worn)
 u - the +10 plate armour of Vanity (worn) {Drain Str+4 Int+6 Dex+2}
   (You acquired it on level 10 of the Dungeon)

   It affects your strength (+4).
   It affects your intelligence (+6).
   It affects your dexterity (+2).
   It drains your maximum health when unequipped.
 A - a +0 pair of boots (worn)
 D - a +0 cloak of cold resistance
Jewellery
 f - an amulet of regeneration (around neck)
 v - a +4 ring of slaying (left hand)
 x - a +6 ring of strength
 H - a +6 ring of dexterity
 K - the ring "Xeatio" (right hand) {rPois Will+}
   (You found it on level 4 of the Lair of Beasts)

   [ring of poison resistance]

   It protects you from poison.
   It increases your willpower.
 P - a ring of wizardry
 S - a ring of protection from fire
 T - a ring of fire
Wands
 g - a wand of random effects (40)
 i - a wand of digging (14)
 k - a wand of mindburst (13)
 l - a wand of iceblast (55)
 y - a wand of flame (103)
 C - a wand of polymorph (31)
 E - a wand of paralysis (13)
 F - a wand of acid (7)
 N - a wand of charming (11)
Scrolls
 b - 11 scrolls of identify
 d - 3 scrolls of enchant armour
 j - 3 scrolls of blinking
 o - 6 scrolls of teleportation
 p - 9 scrolls of magic mapping
 G - 2 scrolls of enchant weapon
 J - a scroll of amnesia
 L - a scroll of fog
 M - a scroll of immolation
Potions
 m - 5 potions of curing
 n - 2 potions of brilliance
 q - 2 potions of might
 s - a potion of heal wounds
 B - 2 potions of flight
 O - a potion of haste
 Q - 2 potions of berserk rage
 R - a potion of ambrosia
 U - a potion of magic
Miscellaneous
 t - a phantom mirror


   Skills:
 + Level 14.2 Fighting
 + Level 16.5 Long Blades
 - Level 7.0 Throwing
 + Level 14.5 Armour
 - Level 5.8 Dodging
 - Level 2.4 Stealth
 + Level 16.0 Shields
 + Level 9.7 Invocations
 - Level 4.2 Evocations


You had 15 spell levels left.
You didn't know any spells.
Your spell library contained the following spells:

 Spells                   Type           Power      Damage    Failure   Level
 Beastly Appendage        Tmut           0%         N/A       91%         1
 Freeze                   Ice            0%         1d3       91%         1
 Magic Dart               Conj           0%         1d3       91%         1
 Sandblast                Erth           0%         2d4       91%         1
 Ensorcelled Hibernation  Hex/Ice        0%         N/A       97%         2
 Passwall                 Tmut/Erth      0%         N/A       97%         2
 Searing Ray              Conj           0%         3d3       97%         2
 Wereblood                Tmut           0%         N/A       97%         2
 Confusing Touch          Hex            0%         N/A       99%         3
 Dazzling Flash           Conj/Hex       0%         N/A       99%         3
 Frozen Ramparts          Ice            0%         1d2       99%         3
 Gell's Gravitas          Tloc           0%         N/A       99%         3
 Ignite Poison            Fire/Tmut/Pois 0%         N/A       99%         3
 Ozocubu's Armour         Ice            0%         N/A       99%         3
 Spider Form              Tmut/Pois      0%         N/A       99%         3
 Static Discharge         Conj/Air       0%         N/A       99%         3
 Stone Arrow              Conj/Erth      0%         3d7       99%         3
 Animate Armour           Summ/Erth      0%         N/A       100%        4
 Animate Dead             Necr           0%         N/A       100%        4
 Cause Fear               Hex            0%         N/A       100%        4
 Fulminant Prism          Conj/Hex       0%         3d6       100%        4
 Hailstorm                Conj/Ice       0%         3d3       100%        4
 Ice Form                 Ice/Tmut       0%         N/A       100%        4
 Iskenderun's Mystic Bla  Conj/Tloc      0%         2d3       100%        4
 Petrify                  Tmut/Erth      0%         N/A       100%        4
 Summon Ice Beast         Ice/Summ       0%         N/A       100%        4
 Bolt of Magma            Conj/Fire/Erth 0%         4d4       100%        5
 Borgnjor's Vile Clutch   Necr/Erth      0%         N/A       100%        5
 Fireball                 Conj/Fire      0%         3d3       100%        5
 Hydra Form               Tmut           0%         N/A       100%        5
 Irradiate                Conj/Tmut      0%         3d13      100%        5
 Iskenderun's Battlesphe  Conj           0%         2d6       100%        5
 Lee's Rapid Deconstruct  Erth           0%         3d5*      100%        5
 Lightning Bolt           Conj/Air       0%         1d11      100%        5
 Metabolic Englaciation   Hex/Ice        0%         N/A       100%        5
 Silence                  Hex/Air        0%         N/A       100%        5
 Yara's Violent Unravell  Hex/Tmut       0%         3d3       100%        5
 Blade Hands              Tmut           0%         N/A       100%        6
 Death Channel            Necr           0%         N/A       100%        6
 Freezing Cloud           Conj/Ice/Air   0%         6-21      100%        6
 Iron Shot                Conj/Erth      0%         9d1       100%        6
 Shadow Creatures         Summ           N/A        N/A       100%        6
 Simulacrum               Ice/Necr       0%         N/A       100%        6
 Starburst                Conj/Fire      0%         8x6d3     100%        6
 Statue Form              Tmut/Erth      0%         N/A       100%        6
 Dragon Form              Tmut           0%         N/A       100%        7
 Orb of Destruction       Conj           0%         N/A       100%        7
 Ozocubu's Refrigeration  Ice            0%         4d5       100%        7
 Spellforged Servitor     Conj/Summ      0%         N/A       100%        7
 Discord                  Hex            0%         N/A       100%        8
 Ignition                 Fire           0%         3d3       100%        8
 Shatter                  Erth           0%         3d5*      100%        9
 Tornado                  Air            0%         N/A       100%        9


Dungeon Overview and Level Annotations

Branches:
Dungeon (12/15)            Temple (1/1) D:7            Lair (6/6) D:11
 Shoals (0/4) Lair:4       Spider (4/4) Lair:3        Slime (0/5) Lair:5
    Orc (2/2) D:11            Elf (0/3) Orc:2        Bailey (visited)
  IceCv (visited)         Gauntlet (visited)

Altars:
Ashenzari
Cheibriados
Elyvilon
Fedhas
Gozag
Hepliaklqana
Kikubaaqudgha
Makhleb
Nemelex Xobeh
Okawaru
Qazlal
Ru
Sif Muna
Trog
Uskayaw
Vehumet
Wu Jian
Xom
Yredelemnul
Zin
The Shining One
Beogh
Jiyva

Shops:
D:3 :   D:11 *   Orc:1 !   Orc:2 ?(!(

Annotations:
Lair:3 exclusion: oklob plant
Spider:3 Nikola


Innate Abilities, Weirdness & Mutations

Your life essence is reduced to manifest your ancestor. (-10% HP)
You have a pair of horns on your head.
You reflexively headbutt those who attack you in melee.


Message History

Iltani points at Nikola and mumbles some strange words.
Nikola resists with almost no effort.
Your jumping spider pounces on Nikola!
Nikola is caught in a web!
Your jumping spider bites Nikola.
Nikola tears the web.
Your jumping spider pounces on Nikola!
Your jumping spider bites Nikola.
Your wolf spider hits Nikola!!
Your wolf spider bites Nikola!
Your wolf spider closely misses Nikola.
Your wolf spider bites Nikola!
Iltani barely misses Nikola.
Your jumping spider closely misses Nikola.
Your jumping spider bites Nikola!
Your jumping spider pounces on Nikola!
Nikola is caught in a web!
Your jumping spider bites Nikola!
Nikola mumbles some strange words.
Nikola blinks!
Nikola struggles to get unstuck from the web.
Iltani hits Nikola with a +0 dagger of draining!
You start resting.
You hear a mighty clap of thunder! x2
The lightning arc suddenly appears!
The lightning arc hits your wolf spider!!
The lightning arc hits your orb spider!!
The lightning arc hits your wolf spider!!
Your wolf spider dies!
Your wolf spider's corpse dissolves into shadows!
The lightning arc hits your orb spider!!
Your orb spider dies!
Your orb spider's corpse dissolves into shadows!
The lightning arc hits Iltani!!
You swap places.
You swap places.
Nikola casts a spell.
You hear a mighty clap of thunder!
The lightning arc hits you!!!
* * * LOW HITPOINT WARNING * * *
The lightning arc hits your jumping spider!!
Your jumping spider dies!
Your jumping spider's corpse dissolves into shadows!
The lightning arc hits Iltani!!
Iltani is destroyed!
The lightning arc hits you!!
You die...

# #....(....#.....#
###^.#...###..###
##.^..^#....##
##..#..#.....#
##^.#^#...#...#
##..........#y.#
#####........#..#s.#
....#.>.....^...#..#
.......###..#.@>@..#
..#....########..###
.†....^^# #^##
#.....###### ###
#.#.######.#####
..##^.#.<#^....##
...#.........^..#
...#.#......#††##
.###.....####..##


You could see Nikola (unaware, ally target), a friendly wolf spider (summoned)
and a friendly hornet (summoned).

Vanquished Creatures
  Kirke (Lair:6)
  A tengu reaver (D:12)
  An orc warlord (Bailey)
  A ghost moth (Spider:1)
  An emperor scorpion (Spider:3)
  A minotaur (Gauntlet)
  An entropy weaver (Spider:2)
  A fire dragon (Lair:6)
  An ettin (D:12)
  Fannar (Orc:1)
  Erolcha (D:11)
  Harold (D:10)
  3 hydras
  2 two-headed ogres
  4 boulder beetles
  A death knight (D:12)
  8 orc high priests (Orc:2)
  Urug (Orc:1)
  Sonja (Orc:1)
  2 lindwurms
  A necromancer (IceCv)
  The ghost of DonatoSpire the Skirmisher, a novice MiBe of Trog (D:7)
  A phantasmal warrior (D:12)
  10 orb spiders
  17 wolf spiders
  An ugly thing (D:12)
  4 orc sorcerers (Orc:2)
  3 cyclopes
  A worldbinder (Gauntlet)
  3 manticores
  Maurice (D:10)
  7 elephants
  A moth of wrath (Spider:2)
  An ice statue (IceCv)
  A torpor snail (Lair:5)
  5 black mambas (Lair:6)
  3 molten gargoyles (Lair:6)
  Maggie (D:10)
  10 cane toads
  2 gargoyles (D:11)
  Joseph (D:10)
  2 unseen horrors
  16 komodo dragons
  3 rime drakes
  Psyche (D:9)
  6 demonic crawlers
  9 freezing wraiths (IceCv)
  A tengu conjurer (D:12)
  A polar bear (Lair:1)
  3 trolls
  7 blink frogs (Lair:6)
  18 jumping spiders
  5 hornets
  A wind drake (Lair:4)
  Sigmund (D:4)
  21 tarantellas
  41 redbacks
  2 wraiths
  5 wyverns
  2 hogs (Lair:6)
  2 fire bats (Gauntlet)
  2 water elementals (D:12)
  28 yaks
  9 basilisks
  A death yak simulacrum (IceCv)
  2 steam dragons
  11 vampire mosquitoes
  3 wargs (Orc:2)
  Edmund (D:5)
  17 water moccasins
  2 acid dragons
  4 hell hounds
  7 ice beasts
  2 hornet zombies (D:9)
  19 orc warriors
  2 black bears
  3 necrophages
  3 ogres
  6 wolves (Gauntlet)
  A centaur (D:10)
  2 boggarts (Gauntlet)
  A kobold brigand (D:10)
  A gnoll sergeant (D:9)
  12 bullfrogs
  A scorpion (D:6)
  A wyvern skeleton (D:7)
  A water moccasin skeleton (D:5)
  An elephant simulacrum (IceCv)
  16 wights
  A howler monkey (D:5)
  3 electric eels (Lair:1)
  A bullfrog zombie (D:5)
  4 centaur zombies
  A human zombie (D:9)
  6 draconian simulacra (IceCv)
  2 jellies (D:5)
  4 lava snakes (Lair:6)
  3 hounds
  29 orc priests
  A bullfrog skeleton (D:6)
  A gnoll shaman (D:8)
  Crazy Yiuf (D:3)
  3 iguanas
  9 orc wizards
  7 hell rats (Lair:1)
  5 troll simulacra (IceCv)
  2 killer bee zombies
  A spriggan simulacrum (IceCv)
  A wolf simulacrum (IceCv)
  3 centaur simulacra (IceCv)
  4 mummies
  A hound skeleton (D:4)
  2 howler monkey zombies (D:9)
  30 gnolls
  7 adders
  3 ogre simulacra (IceCv)
  11 white imps
  An ufetubus (D:6)
  2 worms
  69 orcs
  3 ball pythons
  5 bats
  7 endoplasms
  11 giant cockroaches
  28 goblins
  16 hobgoblins
  5 jackals (D:1)
  4 quokkas
  14 kobolds
  13 rats
739 creatures vanquished.

Vanquished Creatures (collateral kills)
  An emperor scorpion (Spider:2)
  A catoblepas (Lair:4)
  A boulder beetle (D:12)
  A hydra (Lair:1)
  A tengu warrior (D:12)
  A necromancer (Gauntlet)
  2 wolf spiders (Spider:2)
  An elephant (Lair:6)
  A black mamba (Lair:2)
  A cane toad (Lair:6)
  A torpor snail (Spider:3)
  A demonic crawler (Spider:2)
  A freezing wraith (IceCv)
  A komodo dragon (Lair:2)
  3 jumping spiders
  A blink frog (Lair:6)
  4 redbacks
  4 tarantellas
  A wyvern (Lair:1)
  2 yaks
  A hog (Lair:6)
  A death yak simulacrum (IceCv)
  A warg (Orc:2)
  2 water moccasins
  An acid dragon (D:8)
  5 orc warriors
  An ice beast (IceCv)
  A centaur (D:8)
  A wight (D:8)
  3 electric eels
  A lava snake (Lair:6)
  2 orc priests (Orc:2)
  A bullfrog skeleton (D:7)
  6 orc wizards
  A troll simulacrum (IceCv)
  A gnoll (Bailey)
  A naga simulacrum (IceCv)
  2 white imps (IceCv)
  7 orcs
  2 goblins (Bailey)
  2 hobgoblins (Bailey)
  A butterfly (Lair:1)
74 creatures vanquished.

Vanquished Creatures (others)
  A tarantella (Spider:4)
  A human (Lair:6)
  A hell hound (Lair:6)
  14 hexers
  3 ancestors
  2 orcs (Orc:2)
  7 fungi
  19 plants
48 creatures vanquished.

Grand Total: 861 creatures vanquished

Notes
Turn   | Place    | Note
-------+----------+-------------------------------------------
     0 | D:1      | leviel the Minotaur Fighter began the quest for the Orb.
     0 | D:1      | Reached XP level 1. HP: 19/19 MP: 0/0
     1 | D:1      | Found a runed translucent door.
    77 | D:1      | Reached XP level 2. HP: 27/27 MP: 1/1
   120 | D:1      | Reached XP level 3. HP: 13/33 MP: 2/2
   653 | D:1      | Found a faded altar of an unknown god.
  1028 | D:2      | Reached XP level 4. HP: 41/41 MP: 3/3
  1538 | D:2      | You fall into a shaft and drop 1 floor!
  1577 | D:3      | Reached XP level 5. HP: 37/47 MP: 4/4
  1855 | D:3      | Reached skill level 1 in Dodging
  2024 | D:3      | Found a runed translucent door.
  2025 | D:3      | Noticed Crazy Yiuf
  2124 | D:3      | Found Boomy's Book Emporium.
  2490 | D:3      | Killed Crazy Yiuf
  2799 | D:4      | Reached skill level 5 in Shields
  2799 | D:4      | Noticed Sigmund
  2804 | D:4      | Reached XP level 6. HP: 40/53 MP: 5/5
  3115 | D:3      | Reached skill level 5 in Armour
  3368 | D:4      | Reached skill level 5 in Long Blades
  3376 | D:4      | Killed Sigmund
  3672 | D:4      | Noticed an orc warrior
  3714 | D:4      | Found a burning altar of Makhleb.
  3747 | D:4      | Reached skill level 5 in Fighting
  3747 | D:4      | Reached XP level 7. HP: 27/61 MP: 6/6
  4265 | D:5      | Entered Level 5 of the Dungeon
  4516 | D:5      | Noticed Edmund
  4522 | D:5      | Killed Edmund
  4571 | D:5      | Reached XP level 8. HP: 57/68 MP: 7/7
  5012 | D:5      | Found a sacrificial altar of Ru.
  5203 | D:6      | Found a shimmering altar of Xom.
  5299 | D:6      | Found a shimmering blue altar of Sif Muna.
  5804 | D:7      | Found a staircase to the Ecumenical Temple.
  5848 | Temple   | Entered the Ecumenical Temple
  5999 | Temple   | Became a worshipper of Hepliaklqana the Forgotten
  6392 | D:7      | Found a runed translucent door.
  6395 | D:7      | Noticed a boulder beetle
  6395 | D:7      | Noticed DonatoSpire's ghost (novice MiBe)
  6478 | D:7      | Reached * piety under Hepliaklqana
  6801 | D:8      | Reached XP level 9. HP: 65/67 MP: 8/8
  7184 | D:8      | Reached skill level 10 in Long Blades
  7651 | D:8      | Found an opulent altar of Gozag.
  7670 | D:8      | Found a snail-covered altar of Cheibriados.
  7902 | D:9      | Noticed Psyche
  7911 | D:9      | Killed Psyche
  7912 | D:9      | Reached XP level 10. HP: 69/77 MP: 9/9
  7961 | D:9      | Reached skill level 10 in Shields
  7969 | D:9      | Noticed a boulder beetle
  8092 | D:9      | Reached ** piety under Hepliaklqana
  8124 | D:9      | Reached skill level 1 in Throwing
  8124 | D:9      | Remembered your ancestor Iltani as a hexer
  8161 | D:9      | Found a basalt altar of Yredelemnul.
  8220 | D:9      | Found a flagged portal.
  8236 | Bailey   | Entered a bailey
  8427 | Bailey   | Noticed an orc warlord
  8478 | Bailey   | Killed an orc warlord
  8687 | Bailey   | Reached skill level 10 in Fighting
  8687 | Bailey   | Reached skill level 5 in Dodging
  8687 | Bailey   | Reached XP level 11. HP: 90/90 MP: 10/10
  8754 | D:8      | Killed a boulder beetle
  8755 | D:8      | Reached XP level 12. HP: 88/95 MP: 11/11
  8774 | D:9      | Reached skill level 1 in Stealth
  8955 | D:9      | Found a glowing golden altar of the Shining One.
  8957 | D:9      | Found an ancient bone altar of Kikubaaqudgha.
  9296 | D:10     | Entered Level 10 of the Dungeon
  9321 | D:10     | Noticed Joseph
  9334 | D:10     | Killed Joseph
  9377 | D:10     | Noticed Maggie
  9388 | D:10     | Killed Maggie
  9406 | D:10     | Identified 3 scrolls of acquirement
  9406 | D:10     | Acquired 428 gold pieces
  9732 | D:10     | Acquired the +10 plate armour of Vanity {Drain Str+4 Int+6
                  | Dex+2}
  9845 | D:10     | Acquired 1003 gold pieces
  9930 | D:10     | Reached skill level 10 in Armour
  9964 | D:10     | Noticed Maurice
  9969 | D:10     | Killed Maurice
 10060 | D:10     | Noticed Harold
 10077 | D:10     | Killed Harold
 10088 | D:10     | Found a glowing silver altar of Zin.
 10325 | D:10     | Noticed a two-headed ogre
 10336 | D:10     | Killed a two-headed ogre
 10617 | D:11     | Found a staircase to the Orcish Mines.
 10643 | D:11     | Reached *** piety under Hepliaklqana
 10773 | D:11     | Found Weamum's General Store.
 10839 | D:11     | Noticed a boulder beetle
 10857 | D:11     | Killed a boulder beetle
 11173 | D:11     | Noticed Erolcha
 11193 | D:11     | Killed Erolcha
 11414 | D:11     | Reached skill level 1 in Invocations
 11526 | D:11     | Found a staircase to the Lair.
 11848 | Lair:1   | Entered Level 1 of the Lair of Beasts
 12040 | Lair:1   | Noticed a six-headed hydra
 12109 | Lair:1   | Found a frozen archway.
 12129 | IceCv    | Entered an ice cave
 12133 | IceCv    | Reached XP level 13. HP: 98/104 MP: 11/14
 12206 | IceCv    | Reached **** piety under Hepliaklqana
 12378 | IceCv    | Found an ancient bone altar of Kikubaaqudgha.
 13111 | Lair:2   | Found a gate leading to a gauntlet.
 13197 | Gauntlet | Entered a Gauntlet
 13197 | Gauntlet | Found a transporter.
 13197 | Gauntlet | Found a transporter.
 13216 | Gauntlet | Found a transporter.
 13230 | Gauntlet | Found a transporter.
 13231 | Gauntlet | Found a transporter.
 13235 | Gauntlet | Found a runed translucent door.
 13237 | Gauntlet | Found a runed translucent door.
 13239 | Gauntlet | Found a transporter.
 13243 | Gauntlet | Found a transporter.
 13256 | Gauntlet | Found a transporter.
 13268 | Gauntlet | Found a transporter.
 13282 | Gauntlet | Found a transporter.
 13286 | Gauntlet | Found a transporter.
 13294 | Gauntlet | Found a transporter.
 13635 | Gauntlet | Noticed a minotaur
 13651 | Gauntlet | Killed a minotaur
 13726 | Lair:2   | Reached skill level 5 in Invocations
 14423 | Lair:3   | Found a hole to the Spider Nest.
 14607 | Lair:3   | Reached ***** piety under Hepliaklqana
 15350 | Lair:4   | Found a staircase to the Shoals.
 15366 | Lair:4   | Identified the +6 long sword of Agony {vorpal, +Blink rElec
                  | Int-5 Dex+5}
 15373 | Lair:4   | Identified the ring "Xeatio" {rPois Will+}
 16035 | Lair:5   | Reached XP level 14. HP: 93/112 MP: 17/17
 16155 | Lair:5   | Found a staircase to the Slime Pits.
 16155 | Lair:5   | Found a viscous altar of Jiyva.
 16787 | Lair:1   | Reached ****** piety under Hepliaklqana
 17163 | D:7      | Killed DonatoSpire's ghost
 17944 | D:12     | Noticed a tengu reaver
 17957 | D:12     | Reached skill level 15 in Long Blades
 17974 | D:12     | Killed a tengu reaver
 18039 | D:12     | Noticed a fire giant
 18306 | Lair:6   | Entered Level 6 of the Lair of Beasts
 18308 | Lair:6   | Noticed Kirke
 18320 | Lair:6   | Killed Kirke
 19153 | Lair:6   | Reached skill level 5 in Throwing
 19190 | Lair:6   | Found a large runed translucent door.
 19191 | Lair:6   | Found a large runed translucent door.
 19950 | Orc:1    | Entered Level 1 of the Orcish Mines
 19950 | Orc:1    | Found Xoysec's Distillery.
 19957 | Orc:1    | Reached XP level 15. HP: 120/120 MP: 20/20
 19983 | Orc:1    | Bought a potion of berserk rage for 75 gold pieces
 19983 | Orc:1    | Bought a potion of curing for 45 gold pieces
 19983 | Orc:1    | Bought a potion of curing for 45 gold pieces
 19983 | Orc:1    | Bought a potion of berserk rage for 75 gold pieces
 19983 | Orc:1    | Bought a potion of curing for 45 gold pieces
 19987 | Orc:1    | Noticed Fannar
 20000 | Orc:1    | Killed Fannar
 20001 | Orc:1    | Reached skill level 15 in Shields
 20122 | Orc:2    | Entered Level 2 of the Orcish Mines
 20443 | Orc:2    | Found Xomed Zopt's Antique Weapon Shop.
 20456 | Orc:2    | Bought a smouldering hunting sling for 201 gold pieces
 20456 | Orc:2    | Identified the +6 hunting sling "Hasykath" {venom, Dex+4}
                  | (You bought it in a shop on level 2 of the Orcish Mines)
 20456 | Orc:2    | Bought a transparent morningstar for 279 gold pieces
 20456 | Orc:2    | Identified the +4 morningstar of Pandemonium {vorpal, Fly
                  | rF- Str+2} (You bought it in a shop on level 2 of the
                  | Orcish Mines)
 20634 | Orc:2    | Found Logrient's Distillery.
 20659 | Orc:2    | Bought a potion of ambrosia for 112 gold pieces
 20659 | Orc:2    | Bought a potion of attraction for 42 gold pieces
 20677 | Orc:2    | Found a runed translucent door.
 20829 | Orc:2    | Found a staircase to the Elven Halls.
 20919 | Orc:2    | Found Iddomice's Weapon Shop.
 20919 | Orc:2    | Found Qesokiri's Magic Scroll Emporium.
 20934 | Orc:2    | Bought a scroll of enchant armour for 97 gold pieces
 20934 | Orc:2    | Bought a scroll of magic mapping for 45 gold pieces
 20934 | Orc:2    | Bought a scroll of magic mapping for 45 gold pieces
 20934 | Orc:2    | Bought a scroll of enchant armour for 97 gold pieces
 20934 | Orc:2    | Bought a scroll of enchant weapon for 97 gold pieces
 20934 | Orc:2    | Bought a scroll of enchant armour for 97 gold pieces
 21496 | Orc:1    | Noticed Urug
 21509 | Orc:1    | Killed Urug
 21627 | Orc:1    | You fall into a shaft and drop 1 floor!
 21772 | Orc:1    | Noticed Sonja
 21778 | Orc:1    | Killed Sonja
 22078 | Spider:1 | Entered Level 1 of the Spider Nest
 22857 | Spider:1 | Killed a ghost moth
 24386 | Spider:3 | Reached XP level 16. HP: 72/130 MP: 22/22
 25051 | Spider:4 | Entered Level 4 of the Spider Nest
 25055 | Spider:4 | Noticed Nikola
 25286 | Spider:3 | Killed from afar by Nikola

Illustrated notes

Levels and vault maps discovered:
D:1:      dpeg_arrival_caged_fury, layout_loops_ring,
          ebering_ecumenical_altar_rust, hangedman_decor_diamond_cutter,
          serial_bayou_pond_d, serial_bayou_pond_e
D:2:      layout_rooms, uniq_robin
D:3:      layout_basic, serial_shops, shop, uniq_crazy_yiuf_cottage
D:4:      layout_cave_pools, lemuel_tele_altar,
          nicolae_ossuary_entry_false_entrances, lightli_corner_chamber,
          uniq_sigmund
D:5:      layout_rooms, nicolae_ru_path_of_blood,
          nicolae_overflow_hidden_temple, uniq_edmund
D:6:      layout_loops_ring, lemuel_blue_sif_altar, xom_butterflies
D:7:      layout_gridville, minmay_temple_entry_ruins,
          ebering_ghost_inner_flame, hangedman_decor_opposing
D:8:      layout_cave_pods, grunt_gozag_statues, slow_altar_1,
          chequers_big_river
D:9:      layout_long_grid, lemuel_mausoleum_altar_yredelemnul,
          jmf_multi_god_temple, lightli_bailey_entry_fortress, uniq_psyche
D:10:     layout_roguey, lemuel_doored_altar, uniq_joseph, uniq_harold,
          uniq_maurice, uniq_maggie
D:11:     layout_loops_ring, erik_lair_dragon, orc_0_dummy, serial_shops,
          kennysheep_mini, minmay_misc_feat_more_columns, uniq_erolcha
D:12:     cross_vault, layout_cave_pods, minmay_splitting_lines
Temple:   jpeg_temple_clearing
Lair:1:   layout_long_grid, portal_ice_cave_rime, disabler_island,
          grunt_megastairs_3, lemuel_fruit_fields
Lair:2:   layout_roguey, gauntlet_entry_generic, beast_lair_carwin_2
Lair:3:   layout_regular_city, spider_nest_entry_webs, serial_bayou_shore_b,
          grunt_megastairs_1, minmay_lair_oklob_chamber, lemuel_fruit_tree
Lair:4:   layout_long_grid, minmay_shoals_entry_beasts
Lair:5:   layout_gridlike, slime_altar_1, grunt_megastairs_4,
          serial_bayou_shore_b
Lair:6:   cheibrodos_lair_end_hotspot, layout_long_grid, serial_bayou_shore_b,
          uniq_kirke
Spider:1: layout_chambers
Spider:2: layout_spider_delve, nicolae_spider_eight_legs
Spider:3: layout_spider_delve
Spider:4: grunt_spider_rune_island, uniq_nikola
Orc:1:    layout_caves, serial_shops, nicolae_shop_statue_plus, uniq_fannar,
          uniq_urug, uniq_sonja
Orc:2:    st_orc_town, layout_diamond_mine, lightli_church_of_beogh

Skill      XL: |  1  2  3  4  5  6  7  8  9 10 11 12 13 14 15 16 |
---------------+-------------------------------------------------+-----
Fighting       | 4 5 6 7 10 11 12 13 14 | 14.2
Armour         | 4 5 6 7 8 9 11 12 13 14 | 14.5
Shields        | 4 5 6 8 9 11 13 14 15 16 | 16.0
Long Blades    | 3 4 5 6 9 11 12 13 14 15 16 | 16.5
Dodging        | 1 2 5 |  5.8
Throwing       | 1 2 5 7 |  7.0
Evocations     | 4 |  4.2
Stealth        | 1 2 |  2.4
Invocations    | 2 6 8 9 |  9.7

Action                   |  1- 3 |  4- 6 |  7- 9 | 10-12 | 13-15 | 16-18 || total
-------------------------+-------+-------+-------+-------+-------+-------++-------
Melee: Long sword        |    91 |   139 |   159 |       |       |       ||   389
       Headbutt          |    10 |    20 |    43 |   130 |   509 |    40 ||   752
       Falchion          |       |       |    32 |   440 |  1363 |   107 ||  1942
Throw: Dart              |       |       |     4 |     3 |    11 |       ||    18
Invok: Recall Ancestor   |       |       |       |     5 |     2 |     1 ||     8
       Ancestor Life: He |       |       |       |     1 |       |       ||     1
Evoke: Wand              |       |       |       |       |     2 |       ||     2
  Use: Scroll            |     1 |     3 |     1 |    18 |    12 |     5 ||    40
       Potion            |       |     2 |     2 |    12 |    11 |     2 ||    29
 Stab: Invisible         |       |       |       |     3 |       |       ||     3
       Distracted        |       |       |       |     1 |    17 |     1 ||    19
       Confused          |       |       |       |       |     5 |     1 ||     6
       Paralysed         |       |       |       |       |     5 |     3 ||     8
Armor: Scale mail        |    33 |       |       |       |       |       ||    33
       Plate armour      |     7 |   112 |    98 |   167 |   592 |    45 ||  1021
       Skin              |       |    13 |       |       |       |       ||    13
Dodge: Dodged            |    25 |    45 |    42 |    77 |   334 |    23 ||   546
Block: Kite shield       |    50 |   111 |   103 |   237 |   809 |    75 ||  1385
       Rpst.: Long sword |     8 |     8 |     5 |       |       |       ||    21
       Falchion          |       |       |       |    14 |    67 |     6 ||    87

Table legend: (Time is in decaauts)
 A = Elapsed time spent in this place.
 B = Non-inter-level travel time spent in this place.
 C = Inter-level travel time spent in this place.
 D = Time resting spent in this place.
 E = Time spent auto-exploring this place.
 F = Levels seen in this place.
 G = Mean time per level.
                   A        B        C        D        E       F      G
               +--------+--------+--------+--------+--------+-----+--------+
         Total |  24832 |  22904 |   1928 |   3172 |  14618 |  28 |  886.9 |
       Dungeon |  12908 |  11728 |   1180 |   2399 |   7223 |  12 | 1075.7 |
        Temple |    162 |    124 |     38 |      0 |    121 |   1 |  162.0 |
          Lair |   5197 |   4800 |    397 |    156 |   3643 |   6 |  866.2 |
   Spider Nest |   3033 |   3018 |     15 |    385 |   2046 |   4 |  758.2 |
  Orcish Mines |   1858 |   1562 |    296 |     20 |   1079 |   2 |  929.0 |
        Bailey |    431 |    431 |      0 |      7 |    143 |   1 |  431.0 |
      Ice Cave |    732 |    732 |      0 |     61 |    237 |   1 |  732.0 |
      Gauntlet |    506 |    506 |      0 |    143 |    125 |   1 |  506.0 |
               +--------+--------+--------+--------+--------+-----+--------+

Top non-repeatable levels by time:
     D:3: 1808 daAuts
    D:11: 1777 daAuts
   Orc:2: 1383 daAuts
Spider:1: 1361 daAuts
    D:10: 1349 daAuts
  Lair:6: 1344 daAuts
     D:8: 1198 daAuts
     D:1: 1033 daAuts
     D:4: 963 daAuts
     D:9: 937 daAuts
     D:7: 930 daAuts
  Lair:3: 889 daAuts
  Lair:5: 887 daAuts
Spider:2: 843 daAuts
Spider:3: 811 daAuts
